cohdb
Replays
Latest Replays
All Replays
Popular Replays
Top Player Replays
Match Explorer
How It Works
Community
CoH3 Stats
Reddit
Sign in to upload your games and track your stats! →
Sign in with Steam
Match 40981690
Unlisted
Match 40981690
Overview
Messages
Build Orders
End
Scout Squad
Construct Weapon Support Center
Selects Airborne Battlegroup
Selects Heavy Machine Gun Paradrop
Heavy Machine Gun Paradrop
Engineer Squad
Heavy Machine Gun Paradrop
Air Support Center
Selects Paratrooper Squad Paradrop
Paratrooper Squad Paradrop
M3 Armored Personnel Carrier
Selects Smoke Bombing Run
Selects Supply Drop
M3 Armored Personnel Carrier
Grasshopper Recon Run
M3 Armored Personnel Carrier
wila
大馋猫-player
LittleFatty233
深入骨髓的恨意
剩者为王
正五边形战士-王德发[wtf]
企鹅爱子
子清
0
0
Comments
sign in to comment!
No comments posted yet!